cohdb
Replays
Latest Replays
All Replays
Popular Replays
Top Player Replays
Match Explorer
How It Works
Community
CoH3 Stats
Reddit
Sign in to upload your games and track your stats! →
Sign in with Steam
Match 44504776
Unlisted
Match 44504776
Overview
Messages
Build Orders
End
Scout Squad
Construct Weapon Support Center
Selects Airborne Battlegroup
Selects Pathfinders
M1919 Machine Gun Team
Bazooka Squad
M1919 Machine Gun Team
Engineer Squad
Selects Paratrooper Squad Paradrop
Paratrooper Squad Paradrop
Infantry Support Center
Construct Medical Station
Selects Recon Loiter
Recon Loiter
M3 Armored Personnel Carrier
Paratrooper Squad Paradrop
Advanced Logistics
Selects Supply Drop
woof_raff
Friendly Mouse(Poxie)
SKOBADARK
ZhukovUranus
0
0
Comments
sign in to comment!
No comments posted yet!